Map: New Repugnancy LE

Players

macromore - Winner!

  • Race: Terran Terran
  • League: Diamond
  • Spawn Location: 7:00

VOD

Have the link to the VOD?

Description

Time

  • Played on: Feb. 27, 2019, 2:23 p.m.
  • Length: 13:39
Show
View Real Time Build Order
Export as new Build Order

macromore Terran - Winner!

Build Orders:  

Get SALT Encoding   

  12  0:02  SCV  
  13  0:19  SCV  
  14  0:25  Supply Depot  
  14  0:36  SCV  
  15  0:55  SCV  
  15  0:57  Barracks  
  16  1:04  Refinery  
  16  1:12  SCV  
  17  1:28  SCV  
  18  1:45  SCV  
  19  2:07  Orbital Command  
  20  2:13  Reaper  
  20  2:23  Command Center  
  20  2:44  SCV  
  21  2:50  Refinery  
  21  2:53  Barracks Reactor  
  21  2:56  Supply Depot  
  21  3:20  Factory  
  21  3:24  SCV  
  22  3:41  SCV  
  22  3:45  Marine x2  
  25  4:02  SCV  
  25  4:05  Orbital Command  
  25  4:08  Barracks  
  26  4:12  Marine x2  
  26  4:18  SCV  
  29  4:24  Starport  
  29  4:27  Factory Tech Lab  
  29  4:35  SCV  
  30  4:42  SCV  
  30  4:49  Marine x2  
  33  4:52  SCV  
  33  4:59  SCV  
  35  5:09  SCV  
  36  5:18  Marine x2  
  38  5:22  Factory Tech Lab  
  38  5:27  Barracks  
  38  5:28  SCV x2  
  40  5:30  Supply Depot  
  40  5:44  Refinery, Marine x2  
  40  5:45  Bunker, SCV  
  40  5:48  Raven  
  45  6:07  SCV x2  
  45  6:09  Marine x2  
  49  6:21  Stimpack  
  49  6:23  Marauder  
  49  6:24  SCV x2  
  49  6:28  Supply Depot  
  53  6:33  Supply Depot  
  53  6:36  Marine  
  54  6:43  Supply Depot  
  54  6:58  SCV x2, Marine  
  57  7:03  Engineering Bay  
  57  7:08  Marine  
  57  7:09  Marauder  
  60  7:11  Unknown  
  60  7:13  Marauder  
  60  7:15  SCV x2  
  60  7:16  Factory Reactor  
  60  7:17  Starport Reactor  
  64  7:30  Supply Depot  
  64  7:32  SCV  
  64  7:33  SCV  
  66  7:40  Terran Infantry Weapons Level 1  
  66  7:42  Marauder, Marine x2  
  66  7:48  Marauder, Refinery  
  72  7:52  Supply Depot  
  72  7:59  Widow Mine x2  
  72  8:01  Supply Depot  
  72  8:08  Marine x2  
  78  8:10  Medivac  
  78  8:19  SCV x2  
  82  8:30  Supply Depot  
  82  8:33  Marauder  
  82  8:36  SCV x2  
  82  8:37  Widow Mine x2  
  82  8:38  Marauder  
  82  8:39  Marine  
  89  8:49  Medivac  
  95  9:05  Marauder  
  95  9:06  Marine x2  
  95  9:08  Marauder  
  101  9:11  Concussive Shells  
  101  9:15  Medivac  
  103  9:25  Widow Mine x2  
  102  9:34  Marine  
  102  9:35  Marine  
  108  9:46  Command Center  
  99  9:57  SCV x2  
  99  9:58  Widow Mine x2  
  96  10:06  Marine  
  96  10:07  Marauder x2, Marine  
  96  10:09  Medivac x2  
  109  10:14  SCV x2  
  110  10:25  Terran Infantry Armor Level 1, Starport  
  110  10:40  Barracks  
  110  10:43  Supply Depot  
  110  10:44  Barracks  
  110  11:14  SCV x2, Medivac, Marauder, Marine x2  
  110  11:16  Widow Mine x2  
  118  11:21  Supply Depot  
  118  11:24  Supply Depot  
  118  11:26  Marauder  
  124  11:30  SCV x2  
  126  11:43  Marine x2  
  126  11:45  Starport Reactor  
  126  11:46  Widow Mine x2  
  126  11:47  SCV  
  126  11:49  Orbital Command  
  124  11:53  Barracks Tech Lab, Barracks Reactor  
  124  11:56  Ghost Academy  
  128  12:01  Supply Depot  
  128  12:09  SCV  
  129  12:13  Marine x2  
  129  12:15  Refinery  
  131  12:21  Armory  
  131  12:26  Engineering Bay  
  124  12:31  SCV x3  
  124  12:38  Medivac  
  129  12:41  Marine  
  129  12:44  Viking  
  129  12:48  SCV x2  
  132  12:51  Widow Mine  
  132  12:52  Widow Mine  
  130  13:00  Marauder, Marine  
  130  13:01  Marauder  
  141  13:18  SCV x3  
  146  13:27  Refinery  
Tags
 
Add a new tag
Caveats
  • Supply blocks, unpowered buildings, or Contaminate may cause inaccurate times.
  • Supply counts are checked every 10 seconds.